 Dungeon Crawl Stone Soup version 0.28-a0-850-g09de17f5b5 (webtiles) character file.

Game seed: 13470503424645368945

0 spiderkeys the Ducker (level 1, -1/13 HPs)
             Began as a Deep Elf Abyssal Knight on Nov 14, 2021.
             Was an Initiate of Lugonu.
             Slain by a quokka (2 damage)
             ... on level 1 of the Dungeon.
             The game lasted 00:00:52 (187 turns).

spiderkeys the Ducker (Deep Elf Abyssal Knight)      Turns: 187, Time: 00:00:52

Health: -1/13      AC:  3    Str: 10    XL:     1   Next: 8%
Magic:  4/4        EV: 12    Int: 14    God:    Lugonu [......]
Gold:   23         SH:  0    Dex: 15    Spells: 0/0 levels left

rFire   . . .      SeeInvis .   a - +1 short sword
rCold   . . .      Faith    .   (no shield)
rNeg    . . .      Spirit   .   b - +0 leather armour
rPois   .          Reflect  .   (no helmet)
rElec   .          Harm     .   (no cloak)
rCorr   .          Rampage  .   (no gloves)
Will    .....                   (no boots)
Stlth   +.........              (no amulet)
HPRegen 0.04/turn               (no ring)
MPRegen 0.09/turn               (no ring)

@: no status effects
A: no striking features
a: Renounce Religion


You were on level 1 of the Dungeon.
You worshipped Lugonu.
Lugonu was noncommittal.
You visited 1 branch of the dungeon, and saw 1 of its levels.
You visited the Abyss 1 time.

You collected 23 gold pieces.


   Skills:
 - Level 2.4 Fighting
 - Level 2.0 Short Blades
 - Level 0.7 Armour
 + Level 2.4 Dodging
 + Level 0.0 Stealth
 * Level 0.1 Spellcasting
 + Level 2.0 Invocations


You couldn't memorise any spells.
You didn't know any spells.
Your spell library contained the following spells:

 Spells                   Type           Power      Damage    Failure   Level
 Foxfire                  Conj/Fire      0%         2x1d4     36%         1
 Conjure Flame            Conj/Fire      0%         6-21      75%         3
 Inner Flame              Hex/Fire       0%         N/A       75%         3
 Flame Wave               Conj/Fire      0%         3d3       98%         4

Inventory:

Hand Weapons
 a - a +1 short sword (weapon)
Armour
 b - a +0 leather armour (worn)
Jewellery
 d - an amulet of magic regeneration
   (You found it on level 3 of the Abyss)
Scrolls
 e - a scroll of identify {unknown}
 f - a scroll of blinking {unknown}

Dungeon Overview and Level Annotations

Branches:
Dungeon (1/15)

Altars:

#.#####.##..........#
#.#.#
#....#.....#..###.'.+
####.#..........#.#+#
#....##+#'#..##.#.#.#
#.##............#...#
#.####.###...######.#
###..........#.#......#
+..........>...#...####
####.#@...............#
.......[#r#####.#.#.#.#..#
.#.######.# ...#.#......#
#.# #.###...#.#..#
#####.#... ##.......#
#.....##. ##.####.#
.##.....#.. ...# #.#
........# ###.# #.#
.#......# #. ..#


You could see a quokka.


Message History

🤖 Initializing magus.rc ... ✅ Successfully initialized magus.rc [v1.9.10] Welcome, spiderkeys the Deep Elf Abyssal Knight.
It is said that the Orb of Zot exists deep within this dungeon.
Lugonu says: Depart the Abyss and spread corruption, my servant! (use the ability menu to exit the Abyss) Press ? for a list of commands and other information.
Found a corrupted altar of Lugonu.
Found a gateway leading deeper into the Abyss.
There is a gateway leading deeper into the Abyss here.
Why would you want to do that?
You enter the shallow water.
Moving in this stuff is going to be slow.
There is a gateway leading deeper into the Abyss here.
You plunge deeper into the Abyss.
Found 9 sling bullets, a scroll labelled VUATZI XAGIUS and 12 bolts.
Found a corrupted altar of Lugonu.
c - a scroll labelled VUATZI XAGIUS You now have 23 gold pieces.
Found a gateway leading deeper into the Abyss.
There is a gateway leading deeper into the Abyss here.
You plunge deeper into the Abyss.
The abyssal rune of Zot can be found at this depth.
d - an amulet of magic regeneration You feel yourself growing ill in the presence of the ancient zyme.
You feel ill.
You see here a book of Flames.
You pick up a book of Flames and begin reading...
You add the spells Foxfire, Conjure Flame, Inner Flame and Flame Wave to your library.
You pass through the gate.
You can no longer depart the Abyss at will.
There is a staircase leading out of the dungeon here. 😎 MP[-1]
You lost 1 mp, and now have 3/4 mp.
Okay, then.
Okay, then.
You open the door.
There is an open door here.
You open the door.
There is an open door here.
Found a stone staircase leading down. 😎 MP[+1]
Your mp is fully restored (4).
e - a scroll labelled HAEJ BORIUMYGO You feel your health improve.
f - a scroll labelled USHI GOGUF CAGE You open the door.
There is an open door here.
Key pressed, stopping explore.
A bat comes into view.
A quokka comes into view.
The bat barely misses you.
You hit the bat.
You kill the bat!
Lugonu accepts your kill. The quokka misses you. The quokka closely misses you.
You hit the quokka but do no damage. The quokka bites you. 😕 HP[-2]
You take 2 damage, and now have 11/13 hp.
You closely miss the quokka. The quokka bites you. 😮 HP[-3]
You take 3 damage, and now have 8/13 hp.
MASSIVE DAMAGE!! (PAUSE)
You hit the quokka but do no damage. The quokka bites you.
* * * LOW HITPOINT WARNING * * *
😨 HP[-3]
You take 3 damage, and now have 5/13 hp.
MASSIVE DAMAGE!! (PAUSE)
The quokka barely misses you. The quokka bites you.
* * * LOW HITPOINT WARNING * * *
😱 HP[-4]
You take 4 damage, and now have 1/13 hp.
MASSIVE DAMAGE!! (PAUSE)
You aren't carrying any potions.
As you read the scroll labelled VUATZI XAGIUS, it crumbles to dust.
It is a scroll of amnesia.
You feel forgetful for a moment. The quokka bites you.
You die...

Action                   || total
-------------------------++-------
Melee: Short sword       ||     4
Invok: Depart the Abyss  ||     1
  Use: Scroll            ||     1
Dodge: Dodged            ||     4

Levels and vault maps discovered:
D:1:      ncdulo_smallfort, layout_basic, shapermc_ecumenical_altar_pompeii,
          serial_glass, glass_columns_a, glass_columns_c, glass_columns_a,
          glass_columns_a, glass_columns_b, glass_columns_a, minmay_3d_cube

Notes
Turn   | Place    | Note
-------+----------+-------------------------------------------
     0 | Abyss:1  | spiderkeys the Deep Elf Abyssal Knight began the quest for
                  | the Orb.
     0 | Abyss:1  | Reached XP level 1. HP: 13/13 MP: 4/4
     0 | Abyss:1  | magus.rc [v1.9.10]
    20 | Abyss:2  | Found a corrupted altar of Lugonu.
    60 | Abyss:3  | Noticed an ancient zyme
    65 | Abyss:3  | You pick up a book of Flames and begin reading...
    65 | Abyss:3  | You add the spells Foxfire, Conjure Flame, Inner Flame and
                  | Flame Wave to your library.
    66 | D:1      | You pass through the gate.
    66 | D:1      | Escaped the Abyss
   186 | D:1      | HP: 1/13 [quokka (4)]
   187 | D:1      | Slain by a quokka

Vanquished Creatures
  A bat (D:1)
1 creature vanquished.

Table legend:
 A = Non-vault XP
 B = Vault XP
 C = Vault XP percentage of total XP
 D = Non-vault monster count
 E = Vault monster count
 F = Vault count percentage of total count
                 A         B        C        D         E       F
            +---------+---------+-------+---------+---------+-------
      Total |       1 |       0 |   0.0 |       1 |       0 |   0.0
            +---------+---------+-------+---------+---------+-------
        D:1 |       1 |       0 |   0.0 |       1 |       0 |   0.0
            +---------+---------+-------+---------+---------+-------

Illustrated notes

Table legend:
 A = Kills in this place as a percentage of kills in entire the game.
 B = Kills by you in this place as a percentage of kills by you in the entire game.
 C = Kills by friends in this place as a percentage of kills by friends in the entire game.
 D = Other kills in this place as a percentage of other kills in the entire game.
 E = Experience gained in this place as a percentage of experience gained in the entire game.
 F = Experience gained in this place divided by the number of levels of this place that you have seen.
                   A       B       C       D       E      F
               +-------+-------+-------+-------+-------+----------------------
         Total | 100.0 | 100.0 |   N/A |   N/A | 100.0 |   0.2
       Dungeon | 100.0 | 100.0 |   N/A |   N/A | 100.0 |   1.0
               +-------+-------+-------+-------+-------+----------------------

Table legend: (Time is in decaauts)
 A = Elapsed time spent in this place.
 B = Non-inter-level travel time spent in this place.
 C = Inter-level travel time spent in this place.
 D = Time resting spent in this place.
 E = Time spent auto-exploring this place.
 F = Levels seen in this place.
 G = Mean time per level.
                   A        B        C        D        E       F      G
               +--------+--------+--------+--------+--------+-----+--------+
         Total |    186 |    186 |      0 |      0 |     98 |   4 |   46.5 |
       Dungeon |    120 |    120 |      0 |      0 |     98 |   1 |  120.0 |
         Abyss |     66 |     66 |      0 |      0 |      0 |   3 |   22.0 |
               +--------+--------+--------+--------+--------+-----+--------+

Top non-repeatable levels by time:
     D:1: 120 daAuts
 Abyss:2: 33 daAuts
 Abyss:1: 20 daAuts
 Abyss:3: 11 daAuts
